 Dungeon Crawl Stone Soup version 0.25-a0-164-gb55e97dba5 (webtiles) character file.

Game seed: 3979103154003779536, levelgen mode: deterministic

25 Leeroy the Conjurer (level 2, 0/20 HPs)
             Began as a Draconian Conjurer on Nov 22, 2019.
             Slain by a hobgoblin
             ... wielding a +0 club
              (4 damage)
             ... on level 1 of the Dungeon.
             The game lasted 00:01:38 (768 turns).

Leeroy the Conjurer (Draconian Conjurer)             Turns: 768, Time: 00:01:39

Health: 0/20       AC:  4    Str: 10    XL:     2   Next: 86%
Magic:  3/5        EV: 13    Int: 15    God:
Gold:   26         SH:  0    Dex: 11    Spells: 2/5 levels left

rFire    . . .     SeeInvis .   a - +0 dagger
rCold    . . .     Gourm    .   (no shield)
rNeg     . . .     Faith    .   (armour unavailable)
rPois    .         Spirit   .   (helmet restricted)
rElec    .         Reflect  .   (no cloak)
rCorr    .         Harm     .   (no gloves)
MR       .....                  (no boots)
Stlth    ++........             (no amulet)
HPRegen  0.06/turn              (no ring)
MPRegen  0.09/turn              (no ring)

@: no status effects
A: unfitting armour, cold-blooded, AC +4
a: no special abilities


You were on level 1 of the Dungeon.
You were not hungry.

You visited 1 branch of the dungeon, and saw 1 of its levels.

You collected 26 gold pieces.

Inventory:

Hand Weapons
 a - a +0 dagger (weapon)
Missiles
 e - 12 poisoned darts (quivered)
Scrolls
 d - a scroll of identify {unknown}
 f - a scroll of teleportation {unknown}
Comestibles
 b - 2 rations
 c - 5 chunks of flesh


   Skills:
 + Level 3.1 Dodging
 - Level 1.7 Stealth
 - Level 2.0 Spellcasting
 - Level 4.0 Conjurations


You had 2 spell levels left.
You knew the following spells:

 Your Spells              Type           Power        Failure   Level  Hunger
a - Magic Dart            Conj           ##..         4%          1    #......
b - Searing Ray           Conj           ##....       6%          2    ###....

Your spell library contained the following spells:

 Spells                   Type           Power        Failure   Level  Hunger
 Dazzling Spray           Conj/Hex       #.....       28%         3    ###....
 Iskenderun's Mystic Bla  Conj           ##......     38%         4    #####..
 Force Lance              Conj/Tloc      #.......     67%         4    #####..
 Fulminant Prism          Conj/Hex       #.........   67%         4    #####..


Dungeon Overview and Level Annotations

Branches:
Dungeon (1/15)

Altars:


Innate Abilities, Weirdness & Mutations

Your plain brown scales are hard. (AC +4)
You cannot fit into any form of body armour.
You are cold-blooded and may be slowed by cold attacks.


Message History

You closely miss the frilled lizard.
The frilled lizard bites you but does no damage.
You miss the frilled lizard.
The frilled lizard bites you but does no damage.
Some of the chunks of flesh in your inventory have rotted away.
You hit the frilled lizard.
You kill the frilled lizard!
The hobgoblin hits you but does no damage.
A rat comes into view.
You hit the rat.
The rat is moderately wounded.
The rat barely misses you.
You barely miss the rat.
The rat is moderately wounded.
The hobgoblin hits you but does no damage.
The rat bites you but does no damage.
You hit the rat.
The rat is severely wounded.
The hobgoblin hits you with a +0 club.
You die...

#.......# #.##[####.###
###...#### #...........#
#.......# ####.##.###.# #.#.###.#
#.##.###.##.### ######.#.###.#
#....).........
#.........##.#########.###.##.###
.................# #.....# #
#.#.#..#####.###g# #######
#...)........# #@# #).##.##.#####
#r# #..##.##.# #.# ..[...##.# #.#
###.####.# #.# #.# ... #.# #.#
... #.. .# ... ###


You could see a hobgoblin and a rat.

Vanquished Creatures
  2 leopard geckos (D:1)
  A giant cockroach (D:1)
  7 goblins (D:1)
  A hobgoblin (D:1)
  4 jackals (D:1)
  2 frilled lizards (D:1)
  A kobold (D:1)
  2 rats (D:1)
20 creatures vanquished.

Notes
Turn   | Place    | Note
-------+----------+-------------------------------------------
     0 | D:1      | Leeroy the Draconian Conjurer began the quest for the Orb.
     0 | D:1      | Reached XP level 1. HP: 14/14 MP: 3/3
   565 | D:1      | Reached XP level 2. HP: 16/20 MP: 5/5
   587 | D:1      | Learned a level 2 spell: Searing Ray
   768 | D:1      | Slain by a hobgoblin

Levels and vault maps discovered:
D:1:      minmay_arrival_nine_rooms, layout_loops_cross

Skill      XL: |  1  2 |
---------------+-------+-----
Dodging        | 2 3 |  3.1
Stealth        | |  1.7
Spellcasting   | |  2.0
Conjurations   | |  4.0

Action                   || total
-------------------------++-------
Melee: Unarmed           ||    27
       Dagger            ||    36
       Tailslap          ||     4
 Cast: Magic Dart        ||     9
       Searing Ray       ||     2
Armor: Skin              ||    18
Dodge: Dodged            ||    40

Table legend:
 A = Non-vault XP
 B = Vault XP
 C = Vault XP percentage of total XP
 D = Non-vault monster count
 E = Vault monster count
 F = Vault count percentage of total count
                 A         B        C        D         E       F
            +---------+---------+-------+---------+---------+-------
      Total |      37 |       0 |   0.0 |      20 |       0 |   0.0
            +---------+---------+-------+---------+---------+-------
        D:1 |      37 |       0 |   0.0 |      20 |       0 |   0.0
            +---------+---------+-------+---------+---------+-------
